 Dungeon Crawl Stone Soup version 0.23-a0-299-g9a66eeb (webtiles) character file.

122 zwolf the Skirmisher (level 4, -2/37 HPs)
             Began as a Demonspawn Abyssal Knight on Oct 6, 2018.
             Was a Believer of Lugonu.
             Slain by an orc
             ... wielding a +0 flail
              (10 damage)
             ... on level 3 of the Dungeon.
             The game lasted 00:15:16 (2692 turns).

zwolf the Skirmisher (Demonspawn Abyssal Knight)    Turns: 2692, Time: 00:15:17

Health: -2/37      AC:  3    Str: 13    XL:     4   Next: 78%
Magic:  6/6        EV: 12    Int: 13    God:    Lugonu [**....]
Gold:   140        SH:  0    Dex: 13    Spells: 3/3 levels left

rFire    + . .     SeeInvis .   a - +1 spear
rCold    . . .     Gourm    .   (no shield)
rNeg     . . .     Faith    .   q - +0 robe
rPois    .         Spirit   .   (no helmet)
rElec    .         Reflect  .   k - +0 cloak
rCorr    .         Harm     .   (no gloves)
MR       .....                  (no boots)
Stlth    +.........             (no amulet)
HPRegen  0.12/turn              (no ring)
MPRegen  0.10/turn              (no ring)

@: very slightly contaminated
A: fire resistance 1, flame cloud immunity
a: Depart the Abyss, Bend Space, Renounce Religion


You were on level 3 of the Dungeon.
You worshipped Lugonu.
Lugonu was pleased with you.
You were not hungry.

You visited 1 branch of the dungeon, and saw 3 of its levels.
You visited the Abyss 1 time.

You collected 140 gold pieces.

Inventory:

Hand Weapons
 a - a +1 spear (weapon)
 b - a +1 shortbow of velocity
 o - a +2 mace of holy wrath
Armour
 k - a +0 cloak (worn)
 q - a +0 robe (worn)
Wands
 i - a wand of clouds (2)
Scrolls
 d - a scroll of random uselessness {unknown}
 e - a scroll of enchant weapon {unknown}
 j - 2 scrolls of identify {unknown}
 l - 2 scrolls of remove curse
Potions
 f - 2 potions of invisibility
 g - a potion of heal wounds {unknown}
 h - a potion of degeneration {unknown}
 n - a potion of curing {unknown}
Comestibles
 c - a ration
 p - 5 chunks of flesh


   Skills:
 + Level 4.0 Fighting
 + Level 2.8 Polearms
 + Level 2.5 Armour
 + Level 1.5 Dodging
 * Level 2.8 Invocations


You had 3 spell levels left.
You didn't know any spells.
Your spell library was empty.

Dungeon Overview and Level Annotations

Branches:
Dungeon (3/15)

Altars:


Innate Abilities, Weirdness & Mutations

Your flesh is heat resistant. (rF+)
You are immune to clouds of flame.


Message History

You reach to attack!
You puncture the goblin!
You kill the goblin!
Lugonu accepts your kill.
Attack whom?
Press: ? - help, Dir - move target cursor, f - orc
Aim: an orc, wielding a flail and wearing a chain mail You reach to attack!
You hit the orc but do no damage. You hit the orc but do no damage.
The orc closely misses you.
You closely miss the orc. The orc barely misses you.
You hit the orc but do no damage. You hit the orc but do no damage.
The orc hits you but does no damage.
You barely miss the orc. The orc hits you but does no damage.
You hit the orc but do no damage. The orc hits you with a flail.
* * * LOW HITPOINT WARNING * * *
You hit the orc but do no damage. The orc completely misses you.
You hit the orc but do no damage. You hit the orc.
The orc is almost dead.
The orc hits you with a flail!
You die...

.#.)##.# .##.##.# #.# .##.##.#
#.# ....÷..# .. #.# .##.#..# ...
#.# .##.#..# #.# #.# .#..#..# #.#
#.# .#.##.<####.#######.#
.#.......##...÷.@.#)#############
.........##<.####o#...o..........
##.####..##..##...)>##..o........
##.............#.#.##...........
##.##..##..####.#.##...........
#.##..##............o(.†.o....
....##.######>.##..........#
######... #.............#. #.(.
#.##..........#


You could see an orc.

Vanquished Creatures
  4 adders
  2 oozes
  4 dart slugs
  A leopard gecko (D:2)
  9 bats
  4 giant cockroaches (D:1)
  3 goblins
  8 hobgoblins
  14 jackals
  A quokka (D:2)
  A ball python (D:2)
  3 frilled lizards
  6 kobolds
  2 rats
62 creatures vanquished.

Notes
Turn   | Place    | Note
-------+----------+-------------------------------------------
     0 | Abyss:1  | zwolf the Demonspawn Abyssal Knight began the quest for the
                  | Orb.
     0 | Abyss:1  | Reached XP level 1. HP: 18/18 MP: 2/2
     3 | D:1      | Escaped the Abyss
   108 | D:1      | Gained mutation: Your flesh is heat resistant. (rF+)
                  | [demonic ancestry]
   108 | D:1      | Reached XP level 2. HP: 18/24 MP: 3/3
   200 | D:1      | Reached skill level 1 in Dodging
   810 | D:1      | Reached * piety under Lugonu
   924 | D:2      | Reached XP level 3. HP: 24/30 MP: 4/4
  1079 | D:2      | Reached skill level 4 in Fighting
  1516 | D:2      | Gained mutation: You are immune to clouds of flame.
                  | [demonic ancestry]
  1516 | D:2      | Reached XP level 4. HP: 30/37 MP: 5/5
  2354 | D:3      | Reached ** piety under Lugonu
  2692 | D:3      | Slain by an orc

Vault maps used:
D:1:      ncdulo_watergridlock, serial_co_window_serial, co_window_paths_b,
          co_window_paths_a, co_window_corner_a, co_window_corner_a,
          co_window_of_opportunity_a, co_window_corner_a,
          co_window_of_opportunity_a, co_window_corner_b, co_window_2corner,
          co_window_paths_c, co_window_4corner_a, co_window_paths_e,
          glass_columns_c, glass_columns_c
D:3:      bloody_trog, overflow_temple_1_default, first_ration

Skill      XL: |  1  2  3 |
---------------+----------+-----
Dodging        | 1 |  1.5
Polearms       | 2 |  2.8
Armour         | 2 |  2.5
Fighting       | 4 |  4.0
Invocations    | |  2.8

Action                   |  1- 3 |  4- 6 || total
-------------------------+-------+-------++-------
Melee: Spear             |   144 |    94 ||   238
Invok: Depart the Abyss  |     1 |       ||     1
       Bend Space        |       |     6 ||     6
Evoke: Wand              |       |     2 ||     2
  Use: Scroll            |       |     1 ||     1
       Potion            |       |     1 ||     1
 Stab: Invisible         |       |     1 ||     1
  Eat: Chunk             |     1 |     1 ||     2
       Ration            |     1 |       ||     1
Armor: Leather armour    |    41 |     7 ||    48
       Robe              |       |    27 ||    27
Dodge: Dodged            |    93 |    92 ||   185

Table legend:
 A = Non-vault XP
 B = Vault XP
 C = Vault XP percentage of total XP
 D = Non-vault monster count
 E = Vault monster count
 F = Vault count percentage of total count
                 A         B        C        D         E       F
            +---------+---------+-------+---------+---------+-------
      Total |     175 |       0 |   0.0 |      62 |       0 |   0.0
            +---------+---------+-------+---------+---------+-------
        D:1 |      33 |       0 |   0.0 |      13 |       0 |   0.0
        D:2 |      95 |       0 |   0.0 |      35 |       0 |   0.0
        D:3 |      47 |       0 |   0.0 |      14 |       0 |   0.0
            +---------+---------+-------+---------+---------+-------
